 Dungeon Crawl Stone Soup version 0.29-a0-486-ga88943ba61 (webtiles) character file.

Game seed: 4745697850526121918

84549 Colgate the Unseen (level 16, -3/114 HPs)
             Began as a Kobold Brigand on May 26, 2022.
             Was the Champion of Ru.
             Slain by a troll (7 damage)
             ... while paralysed by an ogre mage
             ... on level 2 of the Orcish Mines.
             The game lasted 02:14:33 (34558 turns).

Colgate the Unseen (Kobold Brigand)                Turns: 34558, Time: 02:14:34

Health: -3/114     AC: 14    Str: 20    XL:     16   Next: 28%
Magic:  16/16      EV:  3    Int: 13    God:    Ru [******]
Gold:   1736       SH:  0    Dex: 22    Spells: 15/15 levels left

rFire   . . .      SeeInvis +   b - +1 rapier (spect)
rCold   . . .      Faith    .   j - +2 buckler
rNeg    . . .      Spirit   .   R - +0 swamp dragon scales
rPois   +          Reflect  .   r - +2 helmet
rElec   .          Harm     .   C - +2 cloak
rCorr   .          Rampage  .   c - +0 pair of gloves "Xuruet" {-Cast Str+10}
Will    +....      NoCast   +   (no boots)
Stlth   ++++++++..              (no amulet)
HPRegen 0.29/turn               Q - ring of flight
MPRegen 0.15/turn               G - ring of see invisible

@: paralysed, flying, studying 2 skills, unable to drink
A: small, no large weapons, nightstalker 3, inability to drink while threatened,
inability to use devices, hated by all, no conjurations magic, no hexes magic,
no ice magic, missing an eye
a: Renounce Religion, Draw Out Power, Power Leap, Apocalypse


You were on level 2 of the Orcish Mines.
You worshipped Ru.
Ru was exalted by your worship.
You visited 4 branches of the dungeon, and saw 21 of its levels.
You also visited: Bailey and Ice Cave.

You collected 2619 gold pieces.
You spent 883 gold pieces at shops.

Inventory:

Hand Weapons
 a - a +3 dagger of freezing
 b - a +1 spectral rapier (weapon)
 g - a +1 demon blade of electrocution
Missiles
 d - 36 poisoned darts (quivered)
 e - 6 curare-tipped darts
 H - 14 boomerangs
Armour
 c - the +0 pair of gloves "Xuruet" (worn) {-Cast Str+10}
   (You found it on level 2 of the Lair of Beasts)

   Str:       It affects your strength (+10).
   -Cast:     It prevents spellcasting.
 j - a +2 buckler (worn)
 p - a +3 ring mail
 q - a +0 crystal plate armour
 r - a +2 helmet (worn)
 y - an orb of mayhem
 B - a +3 leather armour of cold resistance
 C - a +2 cloak (worn)
 J - +0 ice dragon scales
 L - +0 steam dragon scales
 R - +0 swamp dragon scales (worn)
 U - a +0 kite shield
 V - +0 acid dragon scales
Jewellery
 A - a ring of ice
 G - a ring of see invisible (right hand)
 I - a ring of wizardry
 M - a ring of ice
 Q - a ring of flight (left hand)
 X - a ring of ice
Scrolls
 f - 4 scrolls of poison
 k - 4 scrolls of blinking {@r4}
 o - 6 scrolls of teleportation {@r3}
 s - 3 scrolls of fog
 u - 4 scrolls of immolation
 x - 2 scrolls of amnesia
 E - a scroll of enchant weapon
 O - a scroll of vulnerability
 T - 2 scrolls of fear
 Y - a scroll of torment
Potions
 h - 11 potions of curing {@q1}
 i - 5 potions of heal wounds {@q2}
 l - 13 potions of haste {@q4}
 m - 5 potions of mutation
 n - 3 potions of berserk rage
 t - 3 potions of attraction
 v - 4 potions of resistance {@q5}
 w - 5 potions of brilliance
 z - 4 potions of might {@q3}
 D - 2 potions of ambrosia
 F - 2 potions of flight
 K - 2 potions of lignification
 N - 2 potions of cancellation {unknown}


   Skills:
 - Level 18.0 Fighting
 - Level 14.0(17.2) Short Blades
 + Level 10.8(12.2) Long Blades
 - Level 6.0 Throwing
 - Level 12.0 Dodging
 - Level 19.0 Stealth
 - Level 9.6 Shields


You had 15 spell levels left.
You didn't know any spells.
Your spell library contained the following spells:

 Spells                   Type           Power      Damage    Failure   Level
 Blink                    Tloc           0%         N/A       71%         2
 Spider Form              Tmut/Pois      0%         N/A       91%         3
 Swiftness                Air            0%         N/A       91%         3
 Vampiric Draining        Necr           0%         2d6       91%         3
 Airstrike                Air            0%         N/A       100%        4
 Manifold Assault         Tloc           0%         N/A       100%        5
 Storm Form               Tmut/Air       0%         N/A       100%        7
 Shock                    Conj/Air       Unusable   1d3       N/A         1
 Slow                     Hex            Unusable   N/A       N/A         1
 Ensorcelled Hibernation  Hex/Ice        Unusable   N/A       N/A         2
 Confusing Touch          Hex            Unusable   N/A       N/A         3
 Summon Guardian Golem    Hex/Summ       Unusable   N/A       N/A         3
 Anguish                  Hex/Necr       Unusable   N/A       N/A         4
 Orb of Destruction       Conj           Unusable   9d5       N/A         7
 Spellforged Servitor     Conj/Summ      Unusable   N/A       N/A         7

Dungeon Overview and Level Annotations

Branches:
Dungeon (12/15)            Temple (1/1) D:7            Lair (6/6) D:11
 Shoals (0/4) Lair:4       Spider (0/4) Lair:4        Slime (0/5) Lair:6
    Orc (2/2) D:10         Bailey (visited)           IceCv (visited)
    Elf: Orc:2

Altars:
Ashenzari
Cheibriados
Dithmenos
Elyvilon
Fedhas
Gozag
Hepliaklqana
Kikubaaqudgha
Makhleb
Nemelex Xobeh
Okawaru
Qazlal
Ru
Sif Muna
Trog
Uskayaw
Vehumet
Wu Jian
Xom
Yredelemnul
Zin
The Shining One
Beogh

Shops:
D:6 ?   D:12 (   Orc:1 [

Portals:
Trove: D:12 (give 7 potions of haste)


Innate Abilities, Weirdness & Mutations

You are small and have problems with some larger weapons.
You are completely attuned to the shadows.
You sometimes lose the ability to drink potions when taking damage.
You cannot study or use magical devices.
You are hated by all.
You cannot study or cast Conjurations magic.
You cannot study or cast Hexes magic.
You cannot study or cast Ice magic.
You are missing an eye, making it more difficult to aim.


Message History

The troll completely misses you. The troll claws you.
The troll closely misses you.
An ogre comes into view. It is wielding a +0 giant spiked club.
There are monsters nearby!
You barely miss the troll.
Your +1 spectral rapier hits the troll.
There are monsters nearby!
You hit the troll.
Your +1 spectral rapier hits the troll.
The ogre mage casts a spell at you.
You suddenly lose the ability to move!
The troll bites you but does no damage. The troll claws you.
The troll claws you but does no damage. The troll bites you!
You feel threatened and lose the ability to drink potions!
The troll claws you but does no damage. The troll claws you.
A deep troll comes into view.
The troll bites you. The troll claws you but does no damage.
The troll claws you.
The troll is stunned by your conviction and fails to attack.
The ogre mage begins to cast a spell, but is stunned by your conviction!
An ogre comes into view. It is wielding a +0 giant club.
The troll bites you.
You focus your inner power and illuminate the troll in retribution!
The troll claws you but does no damage. x2; The troll bites you.
The troll claws you. x2
The ogre mage points at you and mumbles some strange words.
You resist with some effort. The ogre barely misses you. The troll bites you!
The troll claws you but does no damage. x2
The troll bites you but does no damage. The troll claws you but does no damage.
The troll claws you.
* * * LOW HITPOINT WARNING * * *
The deep troll bites you!
* * * LOW HITPOINT WARNING * * *
The deep troll claws you!
* * * LOW HITPOINT WARNING * * *
The deep troll claws you but does no damage.
The troll bites you.
* * * LOW HITPOINT WARNING * * *
The troll barely misses you. The troll claws you but does no damage.
The troll bites you!
You die...

#........).....†.........
..........#...)...).#....
........[)...)......)#....
..)#....[)...)...........#
....#.....)..)............
..[.#......)).)#).........
.[.......[))).))......T...
.).$......[)....).........
.....<#...(....T@OO..)....
..)..........O.T[T........
#...).........(...........
.......... ..............
.......... .........o...
......... .........


You could see an ogre mage, a deep troll, 2 trolls and 2 ogres.

Vanquished Creatures
  Gastronok (Lair:3)
  Kirke (Lair:6)
  An orc warlord (Orc:1)
  A frost giant (IceCv)
  Fannar (D:11)
  10 hydras
  5 boulder beetles
  A centaur warrior (D:11)
  3 catoblepae (Lair:6)
  A two-headed ogre (D:10)
  13 death yaks
  Urug (D:11)
  Sonja (D:11)
  A deep troll (Orc:2)
  2 deep elf pyromancers (D:12)
  An oklob plant (Lair:6)
  An ugly thing (IceCv)
  2 cyclopes
  4 manticores
  An ice statue (IceCv)
  8 elephants
  3 black mambas
  A gargoyle (D:10)
  2 torpor snails
  Maggie (D:7)
  10 rime drakes
  12 cane toads
  Psyche (D:8)
  2 ice devils (D:11)
  6 komodo dragons
  9 polar bears
  6 trolls
  7 hornets (Lair:2)
  3 dream sheep (Lair:5)
  24 blink frogs
  A shadow (D:10)
  2 centaur simulacra (D:10)
  A spriggan (Lair:4)
  3 vampires (D:12)
  74 yaks
  Grum (D:11)
  Eustachio (D:6)
  2 wyverns
  A wraith (D:11)
  4 hogs
  4 basilisks
  2 steam dragons
  4 vampire mosquitoes (D:12)
  3 wargs
  4 acid dragons
  15 water moccasins
  A swamp drake (D:11)
  3 ice beasts
  A meliai simulacrum (D:10)
  A sky beast (D:8)
  27 orc warriors
  11 ogres
  3 black bears
  36 wolves
  14 centaurs
  3 phantoms
  10 bullfrogs
  2 kobold brigands
  7 scorpions
  3 killer bees (D:8)
  3 electric eels
  2 howler monkeys (D:9)
  A jelly (D:5)
  14 orc priests
  4 hounds
  Ijyb (D:5)
  3 iguanas
  22 orc wizards
  7 hell rats (Lair:6)
  7 gnolls
  5 adders
  3 white imps
  An ufetubus (D:4)
  5 worms
  A dart slug (D:1)
  94 orcs
  5 ball pythons
  6 bats
  2 endoplasms (D:1)
  8 giant cockroaches
  13 goblins
  7 hobgoblins
  4 jackals (D:3)
  2 quokkas
  A frilled lizard (D:2)
  20 kobolds
  9 rats
641 creatures vanquished.

Vanquished Creatures (others)
  An ice dragon (D:10)
  A two-headed ogre (Orc:2)
  An elephant (Lair:5)
  A troll (D:10)
  An orc priest (D:9)
  A goblin (D:7)
  A hobgoblin (D:10)
  15 fungi
  50 plants
72 creatures vanquished.

Grand Total: 713 creatures vanquished

Notes
Turn   | Place    | Note
-------+----------+-------------------------------------------
     0 | D:1      | Colgate the Kobold Brigand began the quest for the Orb.
     0 | D:1      | Reached XP level 1. HP: 12/12 MP: 1/1
   186 | D:1      | Reached XP level 2. HP: 17/17 MP: 2/2
   710 | D:1      | You fall into a shaft and drop 1 floor!
   882 | D:1      | Reached XP level 3. HP: 22/22 MP: 3/3
  1004 | D:1      | Found a faded altar of an unknown god.
  1012 | D:1      | Prayed at the altar of an unknown god.
  1012 | D:1      | Became a worshipper of Ru the Awakened
  1041 | D:1      | Gained mutation: You cannot study or use magical devices.
                  | [Ru sacrifice]
  1041 | D:1      | Reached * piety under Ru
  1041 | D:1      | Reached ** piety under Ru
  2016 | D:3      | Reached XP level 4. HP: 28/28 MP: 4/4
  2545 | D:3      | Noticed a phantom
  2548 | D:3      | Killed a phantom
  2549 | D:3      | Reached skill level 6 in Stealth
  2549 | D:3      | Reached XP level 5. HP: 33/33 MP: 5/5
  2701 | D:4      | Reached XP level 6. HP: 20/38 MP: 6/6
  2885 | D:4      | Reached skill level 5 in Short Blades
  3087 | D:4      | Reached skill level 7 in Stealth
  3458 | D:4      | Reached XP level 7. HP: 37/43 MP: 7/7
  3520 | D:4      | Gained mutation: You are hated by all. [Ru sacrifice]
  3520 | D:4      | Reached *** piety under Ru
  3741 | D:4      | Reached skill level 8 in Stealth
  3843 | D:5      | Entered Level 5 of the Dungeon
  4143 | D:5      | Noticed Ijyb
  4153 | D:5      | Killed Ijyb
  4190 | D:5      | Reached skill level 5 in Fighting
  5313 | D:6      | Reached XP level 8. HP: 51/51 MP: 8/8
  5463 | D:6      | Noticed Eustachio
  5467 | D:6      | Killed Eustachio
  5992 | D:6      | Found Fadoiquumm's Magic Scroll Boutique.
  6003 | D:6      | Reached skill level 10 in Short Blades
  6026 | D:6      | Reached XP level 9. HP: 53/55 MP: 9/9
  6373 | D:7      | Reached skill level 9 in Stealth
  6387 | D:7      | Found a flagged portal.
  6411 | D:7      | Reached skill level 10 in Stealth
  6498 | Bailey   | Entered a bailey
  6582 | Bailey   | Gained mutation: You sometimes lose the ability to drink
                  | potions when taking damage. [Ru sacrifice]
  6582 | Bailey   | Reached **** piety under Ru
  6773 | Bailey   | Reached skill level 5 in Dodging
  7274 | Bailey   | Reached skill level 5 in Throwing
  7347 | Bailey   | Reached XP level 10. HP: 63/63 MP: 10/10
  7895 | Bailey   | Reached skill level 1 in Shields
  8299 | D:7      | Found a staircase to the Ecumenical Temple.
  8836 | D:7      | Found the +7 staff of the Meek {protect, meekguard}
  8847 | D:7      | Reached skill level 10 in Fighting
  9179 | D:7      | Noticed Maggie
  9183 | D:7      | Killed Maggie
  9360 | D:7      | Reached XP level 11. HP: 84/84 MP: 11/11
  9412 | D:6      | Bought a scroll of noise for 13 gold pieces
  9715 | D:8      | Noticed Psyche
  9719 | D:8      | Killed Psyche
 10262 | D:8      | Gained mutation: You cannot study or cast Ice magic. [Ru
                  | sacrifice]
 10262 | D:8      | Gained mutation: You cannot study or cast Hexes magic. [Ru
                  | sacrifice]
 10262 | D:8      | Gained mutation: You cannot study or cast Conjurations
                  | magic. [Ru sacrifice]
 10262 | D:8      | Reached ***** piety under Ru
 10471 | D:8      | Noticed an eight-headed hydra
 10474 | D:8      | Killed an eight-headed hydra
 10475 | D:8      | Reached XP level 12. HP: 92/92 MP: 6/12
 12349 | D:10     | Entered Level 10 of the Dungeon
 12480 | D:10     | Noticed an ice dragon
 12495 | D:10     | Killed an ice dragon
 13033 | D:10     | Noticed a two-headed ogre
 13036 | D:10     | Killed a two-headed ogre
 13306 | D:10     | Found a staircase to the Orcish Mines.
 13405 | D:6      | Bought a scroll of acquirement for 676 gold pieces
 13405 | D:6      | Acquired 569 gold pieces
 14078 | D:10     | Noticed a six-headed hydra
 15058 | D:10     | Found a staircase to the Orcish Mines.
 15398 | D:10     | Killed a six-headed hydra
 15932 | D:10     | Found an iron altar of Okawaru.
 15992 | D:11     | Noticed Sonja
 16146 | D:6      | Bought a scroll of magic mapping for 45 gold pieces
 16146 | D:6      | Bought a scroll of identify for 26 gold pieces
 16146 | D:6      | Bought a scroll of summoning for 123 gold pieces
 16269 | D:11     | Killed Sonja
 16352 | Orc:1    | Entered Level 1 of the Orcish Mines
 16408 | D:11     | Noticed Urug
 16410 | D:11     | Killed Urug
 16411 | D:11     | Acquired a manual of Short Blades
 16413 | D:11     | Found a frozen archway.
 16458 | IceCv    | Entered an ice cave
 16614 | IceCv    | Noticed a death yak
 16623 | IceCv    | Killed a death yak
 16626 | IceCv    | Reached XP level 13. HP: 33/97 MP: 7/13
 17094 | IceCv    | Reached skill level 11 in Stealth
 17173 | IceCv    | Reached skill level 12 in Stealth
 17217 | IceCv    | Noticed a frost giant
 17220 | IceCv    | Reached skill level 13 in Stealth
 17359 | IceCv    | Killed a frost giant
 17360 | IceCv    | Reached skill level 14 in Stealth
 18109 | D:11     | Noticed Grum
 18152 | D:11     | Killed Grum
 18368 | D:11     | Noticed a boulder beetle
 18376 | D:11     | Killed a boulder beetle
 18593 | D:11     | Noticed Fannar
 18650 | D:11     | Noticed a boulder beetle
 18671 | D:11     | Killed a boulder beetle
 18672 | D:11     | Reached skill level 10 in Dodging
 18731 | D:11     | Noticed a centaur warrior
 18738 | D:11     | Killed a centaur warrior
 19205 | D:11     | Found a staircase to the Lair.
 19485 | D:11     | Found a staircase to the Lair.
 19782 | D:11     | Killed Fannar
 19783 | D:11     | Reached skill level 15 in Stealth
 20459 | D:12     | Found Sokleps's Antique Weapon Shoppe.
 20494 | D:12     | Noticed an eight-headed hydra
 20534 | D:11     | Killed an eight-headed hydra
 20696 | D:12     | Reached XP level 14. HP: 104/104 MP: 14/14
 20752 | D:12     | Found a portal to a secret trove of treasure.
 20958 | Temple   | Entered the Ecumenical Temple
 21721 | D:12     | Reached skill level 16 in Stealth
 22016 | D:12     | Reached skill level 17 in Stealth
 22757 | Lair:1   | Entered Level 1 of the Lair of Beasts
 22792 | Lair:1   | Reached skill level 18 in Stealth
 23397 | Lair:1   | Reached skill level 19 in Stealth
 24267 | Lair:2   | Identified the +0 pair of gloves "Xuruet" {-Cast Str+10}
 25154 | Lair:1   | Gained mutation: You are missing an eye, making it more
                  | difficult to aim. [Ru sacrifice]
 25154 | Lair:1   | Reached ****** piety under Ru
 25552 | Lair:2   | Reached skill level 1 in Long Blades
 25784 | Lair:3   | You fall into a shaft and drop 2 floors!
 25789 | Lair:5   | Reached XP level 15. HP: 107/108 MP: 15/15
 26432 | Lair:4   | Found a hole to the Spider Nest.
 26580 | Lair:3   | Reached skill level 5 in Long Blades
 26955 | Lair:3   | Noticed Gastronok
 26959 | Lair:3   | Killed Gastronok
 27668 | Lair:4   | Found a staircase to the Shoals.
 29125 | Lair:6   | Entered Level 6 of the Lair of Beasts
 30016 | Lair:6   | Found a staircase to the Slime Pits.
 30307 | Lair:6   | Reached XP level 16. HP: 46/114 MP: 16/16
 30828 | Lair:6   | Reached skill level 10 in Long Blades
 31044 | Lair:6   | Noticed Kirke
 31407 | Lair:6   | Killed Kirke
 31429 | Lair:6   | Found a staircase to the Slime Pits.
 33224 | Orc:1    | Found Rydghes's Armour Shoppe.
 33391 | Orc:2    | Entered Level 2 of the Orcish Mines
 33795 | Orc:1    | Found Rydghes's Armour Shoppe.
 34554 | Orc:2    | Paralysed by an ogre mage for 4 turns
 34558 | Orc:2    | HP: 4/114 [troll (6)]
 34558 | Orc:2    | Slain by a troll

Illustrated notes

Levels and vault maps discovered:
D:1:      elethiomel_arrival_infinity_welcomes_careful_drivers, layout_basic,
          shapermc_ecumenical_altar_ellora
D:2:      layout_basic, minmay_between
D:3:      layout_basic
D:4:      nicolae_cairo_tiling_large, layout_basic
D:5:      layout_loops_corners, uniq_ijyb
D:6:      layout_rooms, serial_shops, kennysheep_little_box, uniq_eustachio
D:7:      layout_cave_pods, minmay_temple_entry_nine_rooms, enter_bailey_5,
          st_stairs_6, nicolae_water_bricks, pf_guarded_unrand_meek, uniq_maggie
D:8:      layout_cave_pods, roderic_roman_lattice, uniq_psyche
D:9:      layout_roguey
D:10:     minmay_coctagon, layout_loops_corners, okawaru_altar_gauntlet_db,
          hiddenorc1_lemuel
D:11:     layout_small_grid, erik_lair_dragon, portal_ice_cave_demonic_guard,
          uniq_sonja, uniq_grum, uniq_fannar, uniq_urug
D:12:     layout_cave_pools, serial_shops, shop, nicolae_trove_entry_crossroad,
          minmay_misc_feat_doors, grunt_ministairs_7, minmay_crystal_water,
          minmay_misc_feat_secret_circle
Temple:   mainiacjoe_temple_trianglar_array
Lair:1:   layout_long_grid, minivault_27
Lair:2:   layout_gridlike, dreamdust_wasp_nest
Lair:3:   layout_hall_layers, uniq_gastronok
Lair:4:   layout_cave_pods, shoals_dummy_entry,
          nicolae_spider_entry_non_spiders, grunt_forest_large_clearing_hut
Lair:5:   layout_long_grid, chequers_serial_rivers_micro_a, serial_bayou_ford_a,
          serial_bayou_shore_a
Lair:6:   evilmike_catoblepas_cave, layout_layer_cave, slime_dummy,
          chequers_serial_rivers_room_a, nicolae_quartered_pool_medium,
          uniq_kirke
Orc:1:    layout_diamond_mine, serial_shops, nicolae_shop_hallway_plus,
          uniq_maurice
Orc:2:    st_orc_open, layout_caves, nicolae_volcano_entry_hallway

Skill      XL: |  1  2  3  4  5  6  7  8  9 10 11 12 13 14 15 16 |
---------------+-------------------------------------------------+-----
Short Blades   | 3 4 6 10 12 14 | 14.0
Fighting       | 3 4 6 7 16 17 18 | 18.0
Dodging        | 2 3 5 8 10 12 | 12.0
Stealth        | 6 7 8 10 15 19 | 19.0
Throwing       | 5 6 |  6.0
Shields        | 6 9 |  9.6
Long Blades    | 2 9 10 | 10.8

Action                   |  1- 3 |  4- 6 |  7- 9 | 10-12 | 13-15 | 16-18 || total
-------------------------+-------+-------+-------+-------+-------+-------++-------
Melee: Dagger            |    63 |   146 |   257 |   176 |    85 |    29 ||   756
       Short sword       |       |       |       |   169 |       |       ||   169
       Rapier            |       |       |       |    31 |   760 |   182 ||   973
       Demon blade       |       |       |       |       |     3 |       ||     3
Throw: Dart              |       |       |     7 |     1 |       |     7 ||    15
       Boomerang         |       |       |       |     1 |       |       ||     1
Invok: Sacrifice Artific |     1 |       |       |       |       |       ||     1
       Sacrifice Love    |       |       |     1 |       |       |       ||     1
       Power Leap        |       |       |     7 |    42 |    21 |     3 ||    73
       Draw Out Power    |       |       |     1 |       |       |       ||     1
       Sacrifice Drink   |       |       |     1 |       |       |       ||     1
       Sacrifice Arcana  |       |       |       |     1 |       |       ||     1
       Apocalypse        |       |       |       |     2 |     2 |       ||     4
       Reject Sacrifices |       |       |       |     1 |       |       ||     1
       Sacrifice an Eye  |       |       |       |       |     1 |       ||     1
  Use: Scroll            |     4 |       |     6 |    14 |     7 |     3 ||    34
       Potion            |       |       |       |     1 |       |       ||     1
 Stab: Sleeping          |    23 |    20 |    19 |    22 |    76 |    11 ||   171
       Distracted        |     1 |     2 |     5 |     5 |    50 |     8 ||    71
       Invisible         |       |       |       |     2 |     3 |     3 ||     8
       Paralysed         |       |       |       |     1 |     3 |     4 ||     8
Armor: Robe              |     5 |       |       |       |       |       ||     5
       Ring mail         |     3 |    21 |    24 |       |       |       ||    48
       Leather armour    |       |     5 |    20 |    36 |    32 |       ||    93
       Ice dragon scales |       |       |       |    15 |    10 |       ||    25
       Crystal plate arm |       |       |       |     6 |       |       ||     6
       Swamp dragon scal |       |       |       |       |    35 |    30 ||    65
Dodge: Dodged            |    12 |    49 |    98 |   153 |   256 |    77 ||   645
Block: Buckler           |     7 |    36 |    60 |   126 |   202 |    43 ||   474

Table legend: (Time is in decaauts)
 A = Elapsed time spent in this place.
 B = Non-inter-level travel time spent in this place.
 C = Inter-level travel time spent in this place.
 D = Time resting spent in this place.
 E = Time spent auto-exploring this place.
 F = Levels seen in this place.
 G = Mean time per level.
                   A        B        C        D        E       F      G
               +--------+--------+--------+--------+--------+-----+--------+
         Total |  33780 |  31038 |   2742 |   1025 |  24643 |  23 | 1468.7 |
       Dungeon |  18922 |  16808 |   2114 |    487 |  13538 |  12 | 1576.8 |
        Temple |    537 |    495 |     42 |      0 |    457 |   1 |  537.0 |
          Lair |   9569 |   9048 |    521 |    131 |   7610 |   6 | 1594.8 |
  Orcish Mines |   1677 |   1614 |     63 |    253 |   1029 |   2 |  838.5 |
        Bailey |   1637 |   1637 |      0 |    154 |    946 |   1 | 1637.0 |
      Ice Cave |   1435 |   1435 |      0 |      0 |   1062 |   1 | 1435.0 |
               +--------+--------+--------+--------+--------+-----+--------+

Top non-repeatable levels by time:
    D:10: 3669 daAuts
  Lair:6: 3048 daAuts
    D:11: 2911 daAuts
     D:9: 1707 daAuts
  Lair:5: 1684 daAuts
  Bailey: 1637 daAuts
     D:7: 1615 daAuts
     D:5: 1540 daAuts
     D:8: 1510 daAuts
  Lair:1: 1448 daAuts
   IceCv: 1435 daAuts
   Orc:1: 1413 daAuts
     D:1: 1396 daAuts
  Lair:2: 1367 daAuts
  Lair:4: 1131 daAuts
